Map: Ice and Chrome LE

Players

LiquidClem (Clem) - Winner!

  • Race: Terran Terran
  • Spawn Location: 1:00

Stats

  • Race: Protoss Protoss
  • Spawn Location: 7:00

Event: StayAtHomestory Cup #2

VOD

Have the link to the VOD?

Description

Time

  • Played on: June 13, 2020, 11:42 a.m.
  • Length: 11:06

All games in this series

Show
View Real Time Build Order
Export as new Build Order

LiquidClem Terran - Winner!

Build Orders: Reaper Expand 

Get SALT Encoding   

  12  0:00  SCV  
  13  0:12  SCV  
  14  0:17  Supply Depot  
  14  0:25  SCV  
  15  0:39  SCV  
  15  0:41  Barracks  
  16  0:42  Refinery  
  16  0:51  SCV  
  17  1:03  SCV  
  18  1:15  SCV  
  19  1:28  Reaper  
  19  1:29  Orbital Command  
  20  1:44  Command Center  
  20  1:52  Supply Depot  
  20  1:54  SCV  
  20  2:00  Marine  
  22  2:06  SCV  
  23  2:16  Factory  
  23  2:18  SCV  
  23  2:20  Barracks Reactor  
  23  2:21  Refinery  
  24  2:30  SCV  
  24  2:35  Bunker  
  25  2:42  SCV  
  26  2:55  SCV  
  26  2:59  Marine x2  
  26  3:00  Hellion  
  30  3:07  SCV, Starport  
  30  3:09  Orbital Command  
  30  3:19  SCV  
  31  3:20  Marine x2  
  31  3:23  Hellion  
  35  3:31  SCV  
  36  3:36  SCV  
  37  3:43  SCV, Supply Depot, Medivac  
  37  3:46  Hellion  
  43  3:48  SCV  
  43  3:50  Marine  
  43  3:51  Marine  
  45  3:56  SCV  
  46  4:05  SCV  
  46  4:06  Barracks  
  46  4:07  Barracks  
  47  4:13  Supply Depot, Factory Tech Lab  
  47  4:14  Starport Tech Lab  
  47  4:17  Marine x2  
  47  4:19  SCV  
  47  4:23  SCV  
  51  4:27  Engineering Bay  
  51  4:32  Siege Tank  
  51  4:35  SCV x2  
  56  4:40  Refinery  
  56  4:41  Marine x2  
  58  4:47  SCV  
  58  4:48  Starport Tech Lab  
  58  4:52  SCV  
  60  4:59  Marine  
  59  5:04  Siege Tank  
  59  5:05  Supply Depot  
  62  5:09  Stimpack  
  62  5:14  Combat Shield  
  62  5:22  Supply Depot  
  62  5:24  SCV, Medivac, Marauder, Marine x2  
  62  5:25  SCV  
  62  5:27  Marauder  
  64  5:36  SCV  
  64  5:40  Siege Tank  
  64  5:41  Marine x2  
  68  5:46  Supply Depot  
  68  5:48  SCV  
  70  5:52  Marauder  
  70  5:54  Marauder  
  73  5:59  Marine x2  
  73  6:03  SCV x2  
  77  6:04  Supply Depot  
  75  6:14  Marauder  
  75  6:15  SCV  
  75  6:16  Marauder  
  75  6:17  SCV  
  78  6:18  Marine  
  78  6:19  Marine  
  79  6:27  SCV  
  79  6:28  Terran Infantry Weapons Level 1  
  79  6:29  Starport Reactor  
  79  6:32  SCV  
  81  6:35  Marauder  
  81  6:36  Marine x2  
  81  6:39  SCV  
  84  6:41  Supply Depot  
  84  6:44  SCV  
  84  6:45  Marauder  
  86  6:49  Concussive Shells  
  86  6:51  SCV  
  85  6:56  SCV  
  85  6:57  Marine x2  
  85  6:58  Marauder  
  85  6:59  Refinery  
  90  7:03  SCV  
  90  7:07  Factory Reactor, Marauder  
  91  7:09  SCV  
  91  7:10  Viking  
  91  7:11  Medivac  
  96  7:17  SCV  
  96  7:21  Command Center  
  97  7:24  Marauder  
  97  7:25  Marine x2  
  97  7:28  Supply Depot  
  97  7:29  SCV  
  103  7:30  SCV  
  103  7:33  Marauder  
  105  7:38  Supply Depot  
  105  7:40  Medivac  
  105  7:43  Marine x2  
  109  7:48  Medivac  
  109  7:50  Widow Mine  
  113  7:51  Marauder  
  110  8:01  Supply Depot, Marauder, Barracks  
  110  8:03  Widow Mine, Marine x2  
  110  8:04  Barracks  
  116  8:12  SCV, Supply Depot  
  117  8:17  Marauder  
  117  8:22  Marauder, Terran Infantry Armor Level 1, Liberator  
  122  8:27  Liberator  
  122  8:30  Marine  
  122  8:31  Marine  
  127  8:39  Marauder  
  129  8:41  SCV  
  129  8:44  Marauder  
  132  8:51  Barracks Reactor, Starport  
  132  8:53  Marine x2  
  132  8:54  SCV  
  135  8:58  Orbital Command  
  135  8:59  SCV  
  135  9:00  Marauder  
  138  9:06  Viking  
  140  9:10  Viking  
  140  9:12  SCV  
  143  9:17  SCV  
  143  9:19  Marauder  
  143  9:20  Marauder  
  143  9:21  Ghost Academy  
  143  9:23  Marine x2  
  143  9:24  SCV  
  151  9:28  SCV  
  151  9:29  Supply Depot  
  151  9:30  Marine x2  
  154  9:35  Marauder  
  150  9:43  Viking  
  150  9:44  Viking  
  152  9:46  Marauder  
  152  9:47  SCV  
  152  9:49  Ghost  
  152  9:52  Marine x3  
  158  9:55  SCV, Supply Depot  
  158  9:59  Refinery  
  161  10:00  Refinery  
  161  10:02  Ghost, Marine  
  164  10:08  SCV x2  
  164  10:09  SCV, Supply Depot  
  164  10:16  Viking  
  164  10:18  Ghost  
  164  10:20  SCV  
  164  10:21  Viking  
  171  10:24  SCV x2  
  171  10:28  Supply Depot  
  173  10:31  Viking  
  173  10:33  Viking  
  177  10:44  Missile Turret  
  177  10:45  Supply Depot  
  177  10:48  SCV  
Show
View Real Time Build Order
Export as new Build Order

Stats Protoss 

Build Orders: 1 Gate Expand, Blink Stalkers 

Get SALT Encoding   

  12  0:00  Probe  
  13  0:13  Probe  
  14  0:17  Pylon  
  14  0:23  Probe  
  15  0:31  Probe  
  15  0:37  Gateway  
  15  0:40  Probe  
  16  0:46  Assimilator  
  17  0:51  Probe  
  18  1:03  Probe  
  19  1:15  Probe  
  20  1:24  Cybernetics Core  
  20  1:32  Nexus  
  20  1:34  Probe  
  21  1:41  Pylon  
  21  1:49  Probe, Assimilator  
  21  1:51  Adept  
  24  2:01  Probe  
  24  2:05  Shield Battery  
  24  2:08  Warp Gate  
  25  2:11  Stalker  
  25  2:13  Probe  
  28  2:28  Probe  
  29  2:33  Twilight Council  
  29  2:40  Probe x2  
  30  2:48  Probe  
  31  2:52  Probe  
  33  2:58  Probe  
  33  3:01  Robotics Facility  
  33  3:04  Probe  
  35  3:08  Gateway, Blink  
  35  3:11  Probe  
  36  3:16  Probe  
  37  3:23  Probe  
  38  3:28  Probe  
  38  3:31  Gateway  
  39  3:34  Gateway  
  39  3:38  Probe  
  39  3:40  Probe  
  41  3:43  Observer  
  41  3:45  Shield Battery  
  41  3:48  Pylon  
  42  3:56  Assimilator  
  42  4:00  Warp Prism  
  42  4:02  Probe x2  
  44  4:08  Stalker  
  48  4:10  Stalker  
  50  4:19  Pylon  
  50  4:20  Probe  
  50  4:21  Probe, Pylon  
  52  4:27  Stalker  
  54  4:32  Pylon  
  54  4:34  Assimilator  
  54  4:39  Stalker  
  54  4:44  Pylon  
  56  4:49  Observer  
  56  4:51  Observer  
  56  4:52  Stalker x2  
  59  4:54  Probe x2  
  56  5:06  Stalker x2  
  59  5:08  Probe x2  
  61  5:18  Stalker x2  
  61  5:20  Probe x2  
  62  5:42  Stalker x4  
  70  5:43  Probe x2  
  70  5:47  Pylon  
  72  5:53  Observer  
  72  5:55  Probe x2  
  74  6:05  Robotics Bay  
  74  6:08  Stalker x3  
  80  6:12  Stalker  
  80  6:16  Probe x2  
  84  6:26  Observer  
  84  6:29  Probe x2, Pylon  
  87  6:32  Pylon  
  87  6:37  Colossus  
  57  6:40  Extended Thermal Lance  
  87  6:45  Nexus  
  93  6:58  Shield Battery  
  93  7:01  Probe x2  
  95  7:13  Probe x2, Sentry x2  
  101  7:17  Pylon  
  101  7:19  Gateway  
  101  7:21  Colossus  
  101  7:24  Charge  
  101  7:26  Probe  
  101  7:27  Probe  
  103  7:32  Gateway  
  103  7:41  Probe x2  
  109  7:52  Forge  
  109  7:57  Pylon  
  97  7:59  Probe  
  97  8:00  Probe x2, Zealot x3  
  97  8:02  Sentry, Observer  
  97  8:04  Colossus  
  108  8:11  Pylon  
  108  8:12  Probe x3  
  111  8:18  Protoss Ground Weapons Level 1  
  117  8:20  Observer  
  117  8:27  Zealot x4  
  117  8:30  Shield Battery  
  117  8:31  Shield Battery  
  125  8:36  Observer  
  125  8:37  Zealot x2  
  129  8:48  Zealot x4  
  129  8:55  Assimilator  
  137  9:00  Observer  
  138  9:03  Zealot x2  
  142  9:10  Templar Archives  
  142  9:13  Gateway  
  142  9:14  Zealot x3  
  142  9:16  Gateway  
  148  9:21  Pylon  
  148  9:23  Pylon  
  141  9:38  Zealot x5  
  141  9:42  Assimilator  
  141  9:43  Observer  
  133  9:50  Stalker  
  130  9:53  Probe x3  
  130  9:59  Stalker x3  
  133  10:01  Zealot x2  
  133  10:06  Probe x3  
  140  10:17  High Templar x3  
  146  10:23  High Templar x2  
  146  10:24  Zealot  
  146  10:25  Zealot, High Templar  
  146  10:26  Archon x2  
  156  10:28  Archon x2  
  156  10:29  Pylon, Archon  
  156  10:46  Zealot  
  156  10:47  Zealot  
  125  10:52  Zealot x4  
  125  10:55  Zealot x2  
Tags
 
Add a new tag
Caveats
  • Supply blocks, unpowered buildings, or Contaminate may cause inaccurate times.
  • Supply counts are checked every 10 seconds.